 Dungeon Crawl Stone Soup version 0.25-a0-665-ga69d64035b (webtiles) character file.

Game seed: 7887979358188196362, levelgen mode: deterministic

1843 kae the Destroyer (level 9, -10/45 HPs)
             Began as a Tengu Fire Elementalist on Mar 26, 2020.
             Was an Initiate of Vehumet.
             Mangled by an orc warrior
             ... wielding a +0 long sword
              (12 damage)
             ... on level 7 of the Dungeon.
             The game lasted 00:07:31 (7649 turns).

kae the Destroyer (Tengu Fire Elementalist)         Turns: 7649, Time: 00:07:32

Health: -10/45     AC:  2    Str: 11    XL:     9   Next: 12%
Magic:  1/18       EV: 15    Int: 24    God:    Vehumet [......]
Gold:   441        SH:  0    Dex: 16    Spells: 8/19 levels left

rFire    x . .     SeeInvis +   s - +7 long sword "Udeohomp" {vorpal, rElec Str+3 SInv}
rCold    + . .     Gourm    .   (no shield)
rNeg     . . .     Faith    .   a - +0 robe
rPois    .         Spirit   .   (helmet restricted)
rElec    +         Reflect  .   (no cloak)
rCorr    .         Harm     .   (no gloves)
MR       .....                  (boots unavailable)
Stlth    ++........             g - amulet of rage
HPRegen  0.15/turn              b - ring of ice
MPRegen  0.16/turn              n - +6 ring of intelligence

@: flying quickly and evasively, quick
A: beak, talons 3, able to fly
a: Stop Flying, Renounce Religion, Evoke Berserk Rage


You were on level 7 of the Dungeon.
You worshipped Vehumet.
Vehumet was noncommittal.
You were not hungry.

You visited 2 branches of the dungeon, and saw 8 of its levels.

You collected 441 gold pieces.

Inventory:

Hand Weapons
 e - a +1 short sword
 s - the +7 long sword "Udeohomp" (weapon) {vorpal, rElec Str+3 SInv}
   (You found it on level 5 of the Dungeon)

   It inflicts extra damage upon your enemies.
   It affects your strength (+3).
   It insulates you from electricity.
   It lets you see invisible.
Armour
 a - a +0 robe (worn)
Magical Staves
 v - an uncursed staff of summoning
Jewellery
 b - a ring of ice (left hand)
 g - an amulet of rage (around neck)
 n - a +6 ring of intelligence (right hand)
 p - a +2 ring of protection {unknown}
Wands
 q - a wand of enslavement (7)
Scrolls
 d - 3 scrolls of amnesia
 f - 4 scrolls of fear
 m - a scroll of teleportation
 o - 5 scrolls of remove curse
Potions
 h - 4 potions of curing
 i - a potion of lignification
 j - 4 potions of resistance
 k - a potion of stabbing
 l - a potion of degeneration
 r - 2 potions of flight {unknown}
 t - a potion of might {unknown}
 u - a potion of mutation {unknown}
Comestibles
 c - 11 rations
 w - 4 chunks of flesh


   Skills:
 - Level 2.2 Dodging
 - Level 2.0 Stealth
 + Level 5.6 Spellcasting
 + Level 10.0 Conjurations
 * Level 7.6 Fire Magic


You had 8 spell levels left.
You knew the following spells:

 Your Spells              Type           Power        Failure   Level  Hunger
a - Foxfire               Conj/Fire      ####         1%          1    None
b - Conjure Flame         Conj/Fire      #####...     1%          3    #......
c - Inner Flame           Hex/Fire       ####....     5%          3    #......
d - Sticky Flame          Conj/Fire      #####...     2%          4    ###....

Your spell library contained the following spells:

 Spells                   Type           Power        Failure   Level  Hunger
 Fireball                 Conj/Fire      #####.....   6%          5    #####..


Dungeon Overview and Level Annotations

Branches:
Dungeon (7/15)             Temple (1/1) D:4

Altars:
Ashenzari
Cheibriados
Dithmenos
Elyvilon
Fedhas
Gozag
Hepliaklqana
Makhleb
Nemelex Xobeh
Okawaru
Qazlal
Ru
Sif Muna
Trog
Uskayaw
Vehumet
Wu Jian
Xom

Shops:
D:6 [


Innate Abilities, Weirdness & Mutations

You have a beak for a mouth.
You have claws for feet.
You can fly continuously.


Message History

You conjure some foxfire!
The foxfire hits the orc warrior.
The orc warrior is almost dead.
The foxfire hits the orc warrior but does no damage.
The orc warrior is almost dead.
The orc warrior hits you with a +0 long sword!
* * * LOW HITPOINT WARNING * * *
Casting: Foxfire (safe; 1% risk of failure)
Confirm with . or Enter, or press ? or * to list all spells.
You conjure some foxfire!
An orc comes into view. It is wielding a +0 dagger.
The foxfire hits the orc warrior.
The orc warrior is almost dead.
The foxfire hits the orc warrior but does no damage.
The orc warrior is almost dead.
Casting: Foxfire (safe; 1% risk of failure)
Confirm with . or Enter, or press ? or * to list all spells.
You conjure some foxfire!
The orc warrior hits you with a +0 long sword!
You die...

###.###...# #...#
#..o# #.... ####.
#. #.
#################.
#@o...o...........
#v##...###########
#.##.#.# #....#.#
######.. ####


You could see an orc warrior and an orc.

Vanquished Creatures
  A hippogriff (D:7)
  Sigmund (D:6)
  A water moccasin (D:6)
  2 phantoms
  An ogre (D:7)
  4 centaurs
  A bullfrog (D:7)
  A scorpion (D:4)
  6 wights
  A centaur zombie (D:4)
  A jelly (D:7)
  An orc priest (D:7)
  A bullfrog skeleton (D:4)
  A centaur skeleton (D:7)
  2 orc wizards
  3 worker ants
  A hound zombie (D:7)
  3 gnolls (D:2)
  2 adders
  2 shadow imps
  An ooze (D:2)
  2 worms (D:2)
  3 dart slugs
  2 leopard geckos
  8 orcs
  11 bats
  4 giant cockroaches
  12 hobgoblins
  3 quokkas
  3 ball pythons
  7 frilled lizards
  4 goblins
  14 kobolds
  12 rats
122 creatures vanquished.

Vanquished Creatures (others)
  351 foxfires
351 creatures vanquished.

Grand Total: 473 creatures vanquished

Notes
Turn   | Place    | Note
-------+----------+-------------------------------------------
     0 | D:1      | kae the Tengu Fire Elementalist began the quest for the
                  | Orb.
     0 | D:1      | Reached XP level 1. HP: 10/10 MP: 4/4
   418 | D:1      | Reached skill level 2 in Conjurations
   418 | D:1      | Reached XP level 2. HP: 15/15 MP: 4/6
   667 | D:1      | Reached XP level 3. HP: 14/19 MP: 7/7
   727 | D:1      | Reached skill level 3 in Conjurations
  1568 | D:2      | Found a hazy altar of Hepliaklqana.
  1569 | D:2      | Found a shimmering altar of Xom.
  1569 | D:2      | Noticed a caustic shrike
  1570 | D:2      | Noticed a caustic shrike
  1570 | D:2      | Noticed a spectral ugly thing
  1586 | D:2      | Found a shadowy altar of Dithmenos.
  1586 | D:2      | Found a shimmering blue altar of Sif Muna.
  1807 | D:2      | Reached XP level 4. HP: 7/24 MP: 3/8
  2035 | D:2      | Found an ornate altar of the Wu Jian Council.
  2136 | D:2      | Reached skill level 4 in Conjurations
  2914 | D:3      | Learned a level 3 spell: Conjure Flame
  2918 | D:3      | Learned a level 3 spell: Inner Flame
  3049 | D:3      | Gained mutation: You can fly continuously. [Tengu growth]
  3049 | D:3      | Reached XP level 5. HP: 28/28 MP: 5/10
  3226 | D:3      | Found a hide-covered altar of Uskayaw.
  3234 | D:3      | Found a burning altar of Makhleb.
  3234 | D:3      | Found a stormy altar of Qazlal.
  3238 | D:3      | Found a shattered altar of Ashenzari.
  3738 | D:4      | Found a staircase to the Ecumenical Temple.
  3761 | Temple   | Entered the Ecumenical Temple
  3869 | Temple   | Became a worshipper of Vehumet
  3913 | D:4      | Noticed a phantom
  3930 | D:4      | Killed a phantom
  3930 | D:4      | Reached skill level 5 in Conjurations
  3930 | D:4      | Reached XP level 6. HP: 13/32 MP: 5/11
  4493 | D:4      | Learned a level 4 spell: Sticky Flame
  4659 | D:4      | Reached skill level 6 in Conjurations
  4841 | D:5      | Entered Level 5 of the Dungeon
  4847 | D:5      | Noticed a phantom
  4858 | D:5      | Killed a phantom
  4905 | D:5      | Reached XP level 7. HP: 36/36 MP: 10/13
  4966 | D:5      | Reached skill level 5 in Fire Magic
  5420 | D:5      | Got a brightly glowing long sword
  5421 | D:5      | Identified the +7 long sword "Udeohomp" {vorpal, rElec
                  | Str+3 SInv} (You found it on level 5 of the Dungeon)
  5489 | D:6      | Reached skill level 7 in Conjurations
  5635 | D:6      | Noticed Sigmund
  6277 | D:6      | Found Weol's Armour Shop.
  6289 | D:6      | Killed Sigmund
  6289 | D:6      | Reached skill level 8 in Conjurations
  6289 | D:6      | Reached XP level 8. HP: 29/41 MP: 11/15
  6775 | D:7      | Reached skill level 9 in Conjurations
  6959 | D:7      | Reached skill level 5 in Spellcasting
  7236 | D:7      | Noticed a hippogriff
  7344 | D:7      | Killed a hippogriff
  7480 | D:7      | Reached XP level 9. HP: 45/45 MP: 14/18
  7581 | D:7      | Reached skill level 10 in Conjurations
  7641 | D:7      | HP: 1/45 [orc warrior/+0 long sword (9)]
  7649 | D:7      | Mangled by an orc warrior

Levels and vault maps discovered:
D:1:      minmay_arrival_nine_rooms, layout_basic, minmay_split_cup_large
D:2:      layout_basic, regret_index_temple_of_mockery, lemuel_doored_altar,
          gammafunk_temple_overflow_statue
D:3:      layout_basic, grunt_temple_overflow_open, corexii_corridor_pit
D:4:      layout_cave_pools, temple_pool_b
D:5:      layout_rooms, first_ration
D:6:      layout_basic, serial_shops, nicolae_shop_trees, uniq_sigmund
D:7:      layout_basic
Temple:   kb_temple_of_zot

Skill      XL: |  1  2  3  4  5  6  7  8  9 |
---------------+----------------------------+-----
Conjurations   | 2 3 4 5 6 8 9 10 | 10.0
Fire Magic     | 4 5 7 |  7.6
Spellcasting   | 3 4 5 |  5.6
Dodging        | |  2.2
Stealth        | |  2.0

Action                   |  1- 3 |  4- 6 |  7- 9 || total
-------------------------+-------+-------+-------++-------
Melee: Unarmed           |    10 |       |       ||    10
       Peck              |     5 |     1 |     3 ||     9
       Short sword       |    37 |    17 |       ||    54
       Kick              |     6 |     3 |     4 ||    13
       Long sword        |       |       |     5 ||     5
 Cast: Foxfire           |    58 |    74 |    90 ||   222
       Inner Flame       |       |     1 |     2 ||     3
       Sticky Flame      |       |       |     7 ||     7
       Conjure Flame     |       |       |     2 ||     2
 Abil: Fly               |       |       |     1 ||     1
       Evoke Berserk Rag |       |       |     1 ||     1
  Use: Scroll            |     4 |     6 |     2 ||    12
       Potion            |       |       |     1 ||     1
 Stab: Sleeping          |     1 |     2 |       ||     3
  Eat: Chunk             |     3 |     6 |     4 ||    13
       Ration            |       |     1 |     2 ||     3
Armor: Robe              |    17 |     1 |       ||    18
Dodge: Dodged            |    63 |    30 |    41 ||   134
       Rpst.: Long sword |       |       |     8 ||     8

Table legend:
 A = Non-vault XP
 B = Vault XP
 C = Vault XP percentage of total XP
 D = Non-vault monster count
 E = Vault monster count
 F = Vault count percentage of total count
                 A         B        C        D         E       F
            +---------+---------+-------+---------+---------+-------
      Total |    2403 |     230 |   8.7 |     117 |       5 |   4.1
            +---------+---------+-------+---------+---------+-------
        D:1 |      49 |       7 |  12.5 |      32 |       4 |  11.1
        D:2 |      99 |       0 |   0.0 |      24 |       0 |   0.0
        D:3 |      44 |       0 |   0.0 |      21 |       0 |   0.0
        D:4 |     285 |       0 |   0.0 |       5 |       0 |   0.0
        D:5 |     286 |       0 |   0.0 |       5 |       0 |   0.0
        D:6 |     446 |     223 |  33.3 |      10 |       1 |   9.1
        D:7 |    1194 |       0 |   0.0 |      20 |       0 |   0.0
            +---------+---------+-------+---------+---------+-------
